 Dungeon Crawl Stone Soup version 0.27-a0-3-gcf006a40f5 (webtiles) character file.

Game seed: 3563095427084256439

1018 DungeonDestroyer the Shield-Bearer (level 8, -3/67 HPs)
             Began as a Gnoll Fighter on Jan 1, 2021.
             Splashed by a centaur's acid (9 damage)
             ... on level 5 of the Dungeon.
             The game lasted 00:18:09 (3740 turns).

DungeonDestroyer the Shield-Bearer (Gnoll Fighter)  Turns: 3740, Time: 00:18:10

Health: -3/67      AC: 13    Str: 20    XL:     8   Next: 22%
Magic:  12/12      EV:  8    Int:  9    God:
Gold:   260        SH: 12    Dex: 15    Spells: 13/13 levels left

rFire    . . .     SeeInvis +   n - +2 spear (vorpal)
rCold    . . .     Faith    .   c - +1 kite shield
rNeg     + . .     Spirit   .   o - +0 chain mail
rPois    .         Reflect  .   h - +0 hat
rElec    .         Harm     .   b - scarf {+Inv}
rCorr    .         Rampage  .   l - +0 pair of gloves
Will     .....                  (no boots)
Stlth    ..........             g - amulet of regeneration
HPRegen  0.61/turn              f - ring of positive energy
MPRegen  0.13/turn              k - ring of attention

@: no status effects
A: distributed training, fangs 1, iridescent scales 1, see invisible, dopey 1,
strong nose
a: Evoke Invisibility


You were on level 5 of the Dungeon.
You visited 1 branch of the dungeon, and saw 5 of its levels.

You collected 260 gold pieces.

Inventory:

Hand Weapons
 a - a +1 trident
 n - a +2 vorpal spear (weapon)
Missiles
 e - 103 stones (quivered)
 j - 15 boomerangs
 t - 11 arrows
 u - 3 throwing nets
Armour
 b - a scarf of invisibility (worn)
 c - a +1 kite shield (worn)
 h - a +0 hat (worn)
 l - a +0 pair of gloves (worn)
 o - a +0 chain mail (worn)
Jewellery
 f - a ring of positive energy (left hand)
 g - an amulet of regeneration (around neck)
 k - a ring of attention (right hand)
Wands
 m - a wand of polymorph (7)
 p - a wand of flame (9)
Scrolls
 i - 3 scrolls of teleportation
 q - a scroll of enchant weapon
 s - a scroll of remove curse
Potions
 d - a potion of might
 v - a potion of ambrosia {unknown}
Miscellaneous
 r - a box of beasts


   Skills:
 + Level 7.3 Fighting
 + Level 3.1 Short Blades
 + Level 3.1 Long Blades
 + Level 3.1 Axes
 + Level 3.1 Maces & Flails
 + Level 5.5 Polearms
 + Level 3.1 Staves
 + Level 3.1 Slings
 + Level 3.1 Bows
 + Level 3.1 Crossbows
 + Level 3.1 Throwing
 + Level 7.3 Armour
 + Level 3.1 Dodging
 + Level 3.1 Stealth
 + Level 7.3 Shields
 + Level 3.1 Unarmed Combat
 + Level 3.1 Spellcasting
 + Level 2.5 Conjurations
 + Level 2.5 Hexes
 + Level 2.5 Summonings
 + Level 2.5 Necromancy
 + Level 2.5 Translocations
 + Level 2.5 Transmutations
 + Level 2.5 Fire Magic
 + Level 2.5 Ice Magic
 + Level 2.5 Air Magic
 + Level 2.5 Earth Magic
 + Level 2.5 Poison Magic
 + Level 3.4 Invocations
 + Level 3.1 Evocations


You had 13 spell levels left.
You didn't know any spells.
Your spell library contained the following spells:

 Spells                   Type           Power        Failure   Level
 Confusing Touch          Hex            5%           100%        3
 Gell's Gravitas          Tloc           2%           100%        3
 Petrify                  Tmut/Erth      5%           100%        4
 Metabolic Englaciation   Hex/Ice        2%           100%        5
 Yara's Violent Unravell  Hex/Tmut       2%           100%        5


Dungeon Overview and Level Annotations

Branches:
Dungeon (5/15)
 Temple: D:4-7

Altars:
Qazlal
Yredelemnul

Annotations:
D:4 1 runed translucent door, Beaer's ghost, amateur VSBr


Innate Abilities, Weirdness & Mutations

Your experience applies equally to all skills.
You have very sharp teeth.
Your uncanny sense of smell can sniff out nearby items.
You are partially covered in iridescent scales. (AC +2)
You have supernaturally acute eyesight. (SInv)
You are dopey. (Int -2)


Message History

a +0 shortbow; a centaur corpse
u - 3 throwing nets (gained 1)
Found a stone staircase leading up.
v - a viscous sapphire potion A centaur comes into view.
It is wielding a +0 hand axe and carrying a wand of acid (7).
Found 23 stones.
A centaur is nearby!
A centaur is nearby!
A centaur is nearby!
A centaur is nearby!
A worker ant comes into view.
The centaur unwields a +0 hand axe.
The centaur wields a +0 shortbow.
The centaur shoots an arrow.
The arrow barely misses you.
The centaur zaps a wand.
The bolt of acid hits you!!
You are splashed with acid!
Found 19 stones.
Found a stone staircase leading down.
The centaur zaps a wand.
The bolt of acid hits you!!
* * * LOW HITPOINT WARNING * * *
You are splashed with acid!
You die...

...## ...###
......###.....##
..........>.....#
...............(#
...........(....
............. .#
≈≈.............B.c##..##
.........#......@.......
.........#..............
.........##.............
#.......###...........#
.....).#....(........##
###...........###...#
###)#.........<.# ..#..
#..)))...........# ..#..
....†..#.........# .


You could see a centaur and a worker ant.

Vanquished Creatures
  Sigmund (D:3)
  An orc warrior (D:4)
  A centaur (D:5)
  A gnoll sergeant (D:5)
  2 scorpions (D:4)
  A howler monkey (D:4)
  A centaur skeleton (D:4)
  2 hounds (D:4)
  An iguana (D:4)
  3 orc wizards
  A worker ant (D:4)
  10 gnolls
  7 adders
  2 white imps (D:5)
  An ooze (D:1)
  An adder skeleton (D:4)
  5 worms
  2 dart slugs
  3 leopard geckos
  9 orcs
  A ball python (D:5)
  12 bats
  4 giant cockroaches
  2 hobgoblins (D:1)
  2 quokkas (D:4)
  3 frilled lizards
  9 goblins
  8 kobolds
  A leopard gecko skeleton (D:4)
  4 rats (D:3)
  A spectral orc (D:4)
102 creatures vanquished.

Notes
Turn   | Place    | Note
-------+----------+-------------------------------------------
     0 | D:1      | DungeonDestroyer the Gnoll Fighter began the quest for the
                  | Orb.
     0 | D:1      | Reached XP level 1. HP: 23/23 MP: 1/1
   148 | D:1      | Reached XP level 2. HP: 29/29 MP: 2/2
  1031 | D:2      | Reached XP level 3. HP: 35/35 MP: 3/3
  1147 | D:2      | Reached skill level 1 in Invocations
  1201 | D:2      | Reached skill level 1 in Short Blades
  1201 | D:2      | Reached skill level 1 in Long Blades
  1201 | D:2      | Reached skill level 1 in Axes
  1201 | D:2      | Reached skill level 1 in Maces & Flails
  1201 | D:2      | Reached skill level 1 in Staves
  1201 | D:2      | Reached skill level 1 in Slings
  1201 | D:2      | Reached skill level 1 in Bows
  1201 | D:2      | Reached skill level 1 in Crossbows
  1201 | D:2      | Reached skill level 1 in Throwing
  1201 | D:2      | Reached skill level 1 in Dodging
  1201 | D:2      | Reached skill level 1 in Stealth
  1201 | D:2      | Reached skill level 1 in Unarmed Combat
  1201 | D:2      | Reached skill level 1 in Spellcasting
  1201 | D:2      | Reached skill level 1 in Evocations
  1363 | D:2      | Reached XP level 4. HP: 35/41 MP: 5/5
  1756 | D:2      | Gained mutation: You have supernaturally acute eyesight.
                  | (SInv) [potion of mutation]
  1756 | D:2      | Gained mutation: You are dopey. (Int -2) [potion of
                  | mutation]
  1756 | D:2      | Gained mutation: You are partially covered in iridescent
                  | scales. (AC +2) [potion of mutation]
  1774 | D:3      | Noticed Sigmund
  1786 | D:3      | Killed Sigmund
  1787 | D:3      | Reached skill level 1 in Conjurations
  1787 | D:3      | Reached skill level 1 in Hexes
  1787 | D:3      | Reached skill level 1 in Summonings
  1787 | D:3      | Reached skill level 1 in Necromancy
  1787 | D:3      | Reached skill level 1 in Translocations
  1787 | D:3      | Reached skill level 1 in Transmutations
  1787 | D:3      | Reached skill level 1 in Fire Magic
  1787 | D:3      | Reached skill level 1 in Ice Magic
  1787 | D:3      | Reached skill level 1 in Air Magic
  1787 | D:3      | Reached skill level 1 in Earth Magic
  1787 | D:3      | Reached skill level 1 in Poison Magic
  1787 | D:3      | Reached XP level 5. HP: 46/47 MP: 5/7
  1787 | D:3      | Reached XP level 6. HP: 51/53 MP: 5/8
  2375 | D:4      | Reached skill level 5 in Polearms
  2675 | D:4      | Reached XP level 7. HP: 59/59 MP: 10/10
  2714 | D:4      | Found a basalt altar of Yredelemnul.
  2875 | D:4      | Found a stormy altar of Qazlal.
  2880 | D:4      | Noticed Beaer's ghost (amateur VSBr)
  2887 | D:4      | Found a runed translucent door.
  3441 | D:5      | Entered Level 5 of the Dungeon
  3489 | D:5      | Reached XP level 8. HP: 28/67 MP: 12/12
  3740 | D:5      | Splashed by a centaur's acid

Illustrated notes

Levels and vault maps discovered:
D:1:      roderic_chinese_lattice_arrival, layout_loops_corners,
          roderic_serpentine_path, minmay_pentomino_v2
D:2:      layout_basic
D:3:      layout_rooms, uniq_sigmund
D:4:      cheibrodos_barr_body, layout_loops_ring, overflow_temple_1_default,
          yredelemnul_forgotten_temple_becter, hellmonk_ghost_happy_afterlife
D:5:      kennysheep_big_flooded_room, layout_cave_pools, temple_pool_b

Skill      XL: |  1  2  3  4  5  6  7  8 |
---------------+-------------------------+-----
Invocations    | 1 2 3 |  3.4
Short Blades   | 1 2 3 |  3.1
Long Blades    | 1 2 3 |  3.1
Axes           | 1 2 3 |  3.1
Maces & Flails | 1 2 3 |  3.1
Staves         | 1 2 3 |  3.1
Slings         | 1 2 3 |  3.1
Bows           | 1 2 3 |  3.1
Crossbows      | 1 2 3 |  3.1
Throwing       | 1 2 3 |  3.1
Dodging        | 1 2 3 |  3.1
Stealth        | 1 2 3 |  3.1
Unarmed Combat | 1 2 3 |  3.1
Spellcasting   | 1 2 3 |  3.1
Evocations     | 1 2 3 |  3.1
Conjurations   | 1 2 |  2.5
Hexes          | 1 2 |  2.5
Summonings     | 1 2 |  2.5
Necromancy     | 1 2 |  2.5
Translocations | 1 2 |  2.5
Transmutations | 1 2 |  2.5
Fire Magic     | 1 2 |  2.5
Ice Magic      | 1 2 |  2.5
Air Magic      | 1 2 |  2.5
Earth Magic    | 1 2 |  2.5
Poison Magic   | 1 2 |  2.5
Polearms       | 5 |  5.5
Fighting       | 7 |  7.3
Armour         | 7 |  7.3
Shields        | 7 |  7.3

Action                   |  1- 3 |  4- 6 |  7- 9 || total
-------------------------+-------+-------+-------++-------
Melee: Trident           |    73 |    62 |       ||   135
       Bite              |     4 |    16 |    23 ||    43
       Spear             |       |    62 |   199 ||   261
Throw: Stone             |     2 |       |       ||     2
  Use: Scroll            |     5 |     2 |       ||     7
       Potion            |     1 |     4 |       ||     5
Armor: Scale mail        |    20 |    24 |       ||    44
       Chain mail        |       |    18 |    81 ||    99
Dodge: Dodged            |    22 |    30 |    46 ||    98
Block: Kite shield       |    49 |    90 |   119 ||   258

Table legend: (Time is in decaauts)
 A = Elapsed time spent in this place.
 B = Non-inter-level travel time spent in this place.
 C = Inter-level travel time spent in this place.
 D = Time resting spent in this place.
 E = Time spent auto-exploring this place.
 F = Levels seen in this place.
 G = Mean time per level.
                   A        B        C        D        E       F      G
               +--------+--------+--------+--------+--------+-----+--------+
         Total |   3737 |   3563 |    174 |     44 |   2655 |   5 |  747.4 |
       Dungeon |   3737 |   3563 |    174 |     44 |   2655 |   5 |  747.4 |
               +--------+--------+--------+--------+--------+-----+--------+

Top non-repeatable levels by time:
     D:4: 1127 daAuts
     D:1: 978 daAuts
     D:2: 793 daAuts
     D:3: 551 daAuts
     D:5: 287 daAuts
